 Dungeon Crawl Stone Soup version 0.31.0-32-g396128a36d (webtiles) character file.

Game seed: 11315881640621629605

14 AdnanSaban the Shield-Bearer (level 2, -1/19 HPs)
             Began as a Gargoyle Fighter on Apr 12, 2024.
             Frozen to death by an endoplasm (5 damage)
             ... on level 1 of the Dungeon.
             The game lasted 00:00:55 (269 turns).

AdnanSaban the Shield-Bearer (Gargoyle Fighter)      Turns: 269, Time: 00:00:56

Health: -1/19      AC:  9    Str: 19    XL:     2   Next: 45%
Magic:  2/2        EV:  6    Int:  8    God:
Gold:   0          SH:  4    Dex:  9    Spells: 1/1 levels left

rFire   . . .        a - +0 flail
rCold   . . .        c - +0 buckler
rNeg    + . .        b - +0 scale mail
rPois   ∞            (no helmet)
rElec   +            (no cloak)
rCorr   .            (no gloves)
SInv    .            (no boots)
Will    .....        (no amulet) Stlth
                     (no ring)
HPRegen 0.23/turn    (no ring)
MPRegen 0.08/turn

%: no passive effects
@: constricted
A: sickness immunity, AC +2, negative energy resistance 1, electricity
resistance, torment resistance 1, petrification resistance
a: no special abilities


You were on level 1 of the Dungeon.
You visited 1 branch of the dungeon, and saw 1 of its levels.

Inventory:

Hand Weapons
 a - a +0 flail (weapon)
Missiles
 f - 2 javelins (quivered)
Armour
 b - a +0 scale mail (worn)
 c - a +0 buckler (worn)
Scrolls
 e - 3 scrolls of identify {unknown}
Potions
 d - a potion of might
 g - a potion of brilliance {unknown}
 h - a potion of enlightenment {unknown}


   Skills:
 + Level 3.5 Fighting
 + Level 2.2 Maces & Flails
 + Level 3.4 Armour
 + Level 0.1 Dodging
 + Level 3.6 Shields


You had one spell level left.
You didn't know any spells.
Your spell library was empty.

Dungeon Overview and Level Annotations

Branches:
Dungeon (1/15)

Altars:

Shops:
D:1 *


Innate Abilities, Weirdness & Mutations

You are immune to sickness and miasma.
Your stone body is resilient. (AC +2)
You are immune to poison.
You resist negative energy. (rN+)
You are resistant to electric shocks. (rElec)
You are resistant to unholy torment.
You are immune to petrification.


Message History

Your unstable footing causes you to fumble your attack.
The goblin barely misses you. The endoplasm barely misses you.
You closely miss the goblin. The rat barely misses you.
The goblin hits you but does no damage. The endoplasm freezes you.
You are frozen.
Your unstable footing causes you to fumble your attack.
The ball python completely misses you. The ball python barely misses you.
The rat bites you but does no damage. The goblin hits you but does no damage.
The endoplasm hits you but does no damage.
The ball python bites you but does no damage.
The ball python barely misses you.
The endoplasm jiggles.
The endoplasm barely misses you. The goblin hits you with a +0 club.
The rat bites you.
The ball python attacks as it pursues you!
The ball python completely misses you. The ball python grabs you.
The ball python constricts you. The rat attacks as it pursues you!
The rat bites you but does no damage.
The endoplasm jiggles.
The endoplasm freezes you.
You are frozen.
The ball python bites you but does no damage.
The ball python constricts you.
You escape the ball python's grasp.
The endoplasm attacks as it pursues you!
The endoplasm hits you but does no damage.
The ball python attacks as it pursues you!
The ball python closely misses you. The ball python grabs you.
The ball python constricts you. The ball python barely misses you.
The ball python constricts you.
You hit the endoplasm.
The endoplasm is severely wounded.
The endoplasm freezes you.
You are frozen.
* * * LOW HITPOINT WARNING * * *
The ball python barely misses you. The ball python constricts you.
The endoplasm freezes you.
You are frozen.
You die...

............#
............
.......#...
#..~.~~..~.
#####...~.~.....
......g.~~~≈≈~~~
.)....gr~≈≈≈≈≈≈≈~~.
#.
....###JS≈≈≈≈~~~~≈~~
#. . #@≈~≈≈~~.~≈~≈~#
#.
#..≈≈~~_♣~~≈~.####
#~≈~≈≈...~~~......
#~†~≈~≈~~≈≈~......
#.≈≈≈≈≈~≈≈≈~......
#..~≈≈≈≈~~~~≈.....
#~.~..~..~.~~~....
#~~~.~~)....[.....
##############....


You could see an endoplasm, 2 goblins, a ball python and a rat.

Vanquished Creatures
  A dart slug (D:1)
  A ball python (D:1)
  An endoplasm (D:1)
  2 giant cockroaches (D:1)
  A goblin (D:1)
  A kobold (D:1)
  A bat (D:1)
  3 frilled lizards (D:1)
  A rat (D:1)
12 creatures vanquished.

Notes
Turn   | Place    | Note
-------+----------+-------------------------------------------
     0 | D:1      | AdnanSaban the Gargoyle Fighter began the quest for the
                  | Orb.
     0 | D:1      | Reached XP level 1. HP: 14/14 MP: 1/1
    22 | D:1      | Found Pozapnux's General Store.
   112 | D:1      | Reached XP level 2. HP: 17/19 MP: 2/2
   204 | D:1      | Found a faded altar of an unknown god.
   269 | D:1      | Frozen to death by an endoplasm

Illustrated notes

Levels and vault maps discovered:
D:1:      saegor_arrival_simple_e, layout_rooms,
          chequers_ecumenical_altar_island, serial_shops,
          nicolae_shop_hallway_stairs

Action                     || total
---------------------------++-------
  Melee: Flail             ||    36
 Armour: Scale mail        ||    32
  Dodge: Dodged            ||    24
  Block: Buckler           ||    10
